 Dungeon Crawl Stone Soup version 0.31-a0-271-gb88eb75e06 (webtiles) character file.

Game seed: 16798194298934577770

189 qw the Shooter (level 5, -3/45 HPs)
             Began as a Minotaur Hexslinger on July 14, 2023.
             Slain by an orc priest
             ... wielding a +0 hand axe
              (5 damage)
             ... on level 4 of the Dungeon.
             The game lasted 00:00:52 (2297 turns).

qw the Shooter (Minotaur Hexslinger)                Turns: 2297, Time: 00:00:52

Health: -3/45      AC:  5    Str: 12    XL:     5   Next: 40%
Magic:  5/5        EV: 11    Int: 10    God:
Gold:   165        SH:  0    Dex: 15    Spells: 5/6 levels left

rFire   . . .        Y - +2 sling (freeze)
rCold   . . .        (no shield)
rNeg    . . .        b - +0 ring mail
rPois   .            (helmet restricted)
rElec   .            (no cloak)
rCorr   .            (no gloves)
SInv    .            (no boots)
Will    .....        (no amulet) Stlth
                     (no ring)
HPRegen 0.27/turn    (no ring)
MPRegen 0.09/turn

%: no passive effects
@: confused
A: horns 2, retaliatory headbutt
a: no special abilities


You were on level 4 of the Dungeon.
You visited 1 branch of the dungeon, and saw 4 of its levels.

You collected 165 gold pieces.


Innate Abilities, Weirdness & Mutations

You have a pair of horns on your head.
You reflexively headbutt those who attack you in melee.


   Skills:
 - Level 3.2 Fighting
 + Level 5.1 Ranged Weapons
 - Level 2.0 Armour
 - Level 2.1 Dodging
 - Level 1.0 Spellcasting
 - Level 2.0 Hexes


You had 5 spell levels left.
You knew the following spells:

 Your Spells              Type           Power      Damage    Failure   Level
a - Slow                  Hex            16%        N/A       32%         1

Your spell library contained the following spells:

 Spells                   Type           Power      Damage    Failure   Level
 Inner Flame              Hex/Fire       2%         N/A       83%         3
 Portal Projectile        Hex/Tloc       4%         N/A       83%         3
 Cause Fear               Hex            2%         N/A       97%         4

Inventory:

Hand Weapons
 Y - a +2 sling of freezing (weapon)
Armour
 b - a +0 ring mail (worn)
Scrolls
 c - a scroll of identify
Potions
 d - a potion of resistance
 h - a potion of berserk rage {unknown}
 i - 2 potions of curing {unknown}

Dungeon Overview and Level Annotations

Branches:
Dungeon (4/15)
 Temple: D:4-7

Altars:

Annotations:
D:4 1 runed translucent door


Message History

The goblin misses you. You furiously retaliate!
You headbutt the goblin.
The orc wizard casts a spell.
The orc wizard flickers and vanishes!
Deactivating autopickup; reactivate with Ctrl-A.
The orc hits you with a +0 hand axe. The orc hits you but does no damage.
The goblin hits you but does no damage.
Your Fighting skill increases to level 3!
You shoot a sling bullet. The sling bullet hits the goblin.
The sling bullet freezes the goblin.
You kill the goblin!
The orc closely misses you.
You shoot a sling bullet. The sling bullet hits the orc!
The sling bullet freezes the orc.
You kill the orc!
The orc priest mumbles some strange prayers to Beogh against you.
Beogh smites you!
You shoot a sling bullet.
The sling bullet barely misses the orc priest.
The sling bullet hits the orc!
The sling bullet freezes the orc.
You kill the orc!
You shoot a sling bullet.
The sling bullet barely misses the orc priest.
The orc priest invokes the aid of Beogh against you.
Beogh smites you!
You shoot a sling bullet. The sling bullet hits the orc priest.
The sling bullet freezes the orc priest.
The orc priest is moderately wounded.
The orc priest misses you. Something hits you but does no damage.
The orc priest barely misses you.
You shoot a sling bullet.
The sling bullet closely misses the orc priest.
The orc priest mumbles some strange prayers to Beogh against you.
Pain shoots through your body!
You hear some strange, mumbled words.
You are confused.
The orc priest invokes the aid of Beogh against you.
Beogh smites you! Something barely misses you.
Something hits you but does no damage.
The orc priest hits you with a +0 hand axe.
You die...

#.#.#######.#
#.#...%.....#
#.###.....###.
#....<........
####......###
#......#.....
#.##.#.#.####
#........#...
#....@).....#
#...{o#####...
#.:.... ..
##...)..
#.......
#......$.
#........#
#........+.


You could see an orc priest.

Vanquished Creatures
  Jessica (D:2)
  An iguana (D:4)
  2 orc wizards
  3 adders
  A worm (D:2)
  2 dart slugs (D:1)
  6 orcs
  6 ball pythons
  3 bats
  3 endoplasms
  2 giant cockroaches
  6 hobgoblins
  4 quokkas
  A frilled lizard (D:1)
  5 goblins
  5 kobolds
  A rat (D:2)
52 creatures vanquished.

Notes
Turn   | Place    | Note
-------+----------+-------------------------------------------
     0 | D:1      | qw the Minotaur Hexslinger began the quest for the Orb.
     0 | D:1      | Reached XP level 1. HP: 16/16 MP: 1/1
     0 | D:1      | 0 ||| qw: Version: 0.3-a-52-g30416fa
     0 | D:1      | 0 ||| qw: Game counter: 7957
     0 | D:1      | 0 ||| qw: Melee chars always use a shield: true
     0 | D:1      | 0 ||| qw: God list: Okawaru
     0 | D:1      | 0 ||| qw: Allow faded altars: false
     0 | D:1      | 0 ||| qw: Do Orc after clearing Dungeon:15 true
     0 | D:1      | 0 ||| qw: Do second Lair branch before Depths: true
     0 | D:1      | 0 ||| qw: Lair rune preference: random
     0 | D:1      | 0 ||| qw: Goals: Normal
     0 | D:1      | 0 ||| PLANNING D:1-11
   199 | D:1      | Reached skill level 3 in Ranged Weapons
   213 | D:1      | Reached XP level 2. HP: 23/23 MP: 2/2
   216 | D:1      | 216 ||| Stepping ~*~*~tactically~*~*~ (outnumbered).
   701 | D:1      | 701 ||| READING scroll labelled XOTAICH MIUVUF.
   706 | D:1      | 706 ||| READING scroll labelled WEOCALAITT.
   707 | D:1      | 707 ||| DROPPING scroll of poison.
   746 | D:2      | Noticed Jessica
   752 | D:2      | Reached XP level 3. HP: 29/29 MP: 3/3
   761 | D:2      | Killed Jessica
   762 | D:2      | Reached skill level 4 in Ranged Weapons
  1043 | D:2      | Found a faded altar of an unknown god.
  1187 | D:2      | Reached XP level 4. HP: 36/36 MP: 4/4
  1370 | D:2      | 1370 ||| UPGRADING to +0 ring mail.
  1380 | D:2      | 1380 ||| DROPPING +0 robe.
  1381 | D:2      | 1381 ||| DROPPING +6 ring of intelligence.
  1382 | D:2      | 1382 ||| READING scroll labelled YNIOVU OMIETOX.
  1383 | D:2      | 1383 ||| READING scroll labelled ABBOLE DURCHUXU.
  1384 | D:2      | 1384 ||| READING scroll labelled YPULUU RUETETI.
  1447 | D:2      | 1447 ||| READING scroll labelled CUAXIS XUUNIA.
  1526 | D:3      | HP: 7/36 [orc/+0 falchion (5)]
  1527 | D:3      | 1527 ||| READING scroll of teleportation.
  2041 | D:3      | 2041 ||| READING scroll labelled MIULOID UTYS.
  2042 | D:3      | 2042 ||| READING scroll labelled WEXADWEARR.
  2043 | D:3      | 2043 ||| DRINKING 2 bubbling clear potions.
  2065 | D:3      | 2065 ||| READING 3 scrolls of identify.
  2065 | D:3      | 2065 ||| IDENTIFYING yellow potion
  2066 | D:3      | 2066 ||| READING 2 scrolls of identify.
  2066 | D:3      | 2066 ||| IDENTIFYING golden potion
  2067 | D:3      | 2067 ||| DROPPING potion of degeneration.
  2068 | D:3      | 2068 ||| DROPPING potion of lignification.
  2140 | D:4      | Reached skill level 5 in Ranged Weapons
  2200 | D:4      | Reached XP level 5. HP: 21/42 MP: 5/5
  2281 | D:4      | 2281 ||| READING scroll of brand weapon.
  2281 | D:4      | 2281 ||| BRANDING +2 sling of flaming.
  2282 | D:4      | Found a runed translucent gate.
  2290 | D:4      | Reached skill level 3 in Fighting
  2296 | D:4      | HP: 2/45 [orc priest/divine providence (13)]
  2297 | D:4      | Slain by an orc priest

Levels and vault maps discovered:
D:1:      nicolae_arrival_somewhat_less_tricky_arrival, layout_loops_ring,
          minmay_unequal
D:2:      layout_basic, dreamdust_ecumenical_altar_angels_and_demons,
          reono_crystal_passage, uniq_jessica
D:3:      layout_rooms
D:4:      layout_basic, minmay_temple_entry_large_hall,
          ebering_ghost_rock_garden, kennysheep_windowed_goal

Skill      XL: |  1  2  3  4  5 |
---------------+----------------+-----
Ranged Weapons | 3 4 5 |  5.1
Fighting       | 2 3 |  3.2
Armour         | 2 |  2.0
Dodging        | |  2.1
Spellcasting   | |  1.0
Hexes          | |  2.0

Action                     |  1- 3 |  4- 6 || total
---------------------------+-------+-------++-------
   Fire: Sling             |    78 |   104 ||   182
    Use: Scroll            |     2 |    10 ||    12
         Potion            |       |     1 ||     1
 Armour: Robe              |     5 |     2 ||     7
         Ring mail         |       |    28 ||    28
  Dodge: Dodged            |    22 |    56 ||    78

Table legend:
 A = Non-vault XP
 B = Vault XP
 C = Vault XP percentage of total XP
 D = Non-vault monster count
 E = Vault monster count
 F = Vault count percentage of total count
                 A         B        C        D         E       F
            +---------+---------+-------+---------+---------+-------
      Total |     228 |      43 |  15.9 |      48 |       4 |   7.7
            +---------+---------+-------+---------+---------+-------
        D:1 |      31 |       6 |  16.2 |      17 |       3 |  15.0
        D:2 |      45 |      37 |  45.1 |      11 |       1 |   8.3
        D:3 |      58 |       0 |   0.0 |      13 |       0 |   0.0
        D:4 |      94 |       0 |   0.0 |       7 |       0 |   0.0
            +---------+---------+-------+---------+---------+-------
